AoeStats
← 739697286

Nomad

506596039Analyzed
4v4 RM · 19d ago on Sep 14, 2026· 44m 14s· 8 players
Game mode
Random Map
Map size
231×231
Population
200
Speed
Normal
Resources
Standard
Victory
Conquest
Starting age
Dark Age
Ending age
Imperial Age
RankedLock teamsTeams togetherTeam positionsShared explorationLock speedFull tech treeHidden civsTurbo modeCheats
Victory
Defeat
1576
+11
🇻🇳 Mongols · Vietnam
1572
+11
🇨🇳 Dravidians · China
1537
+13
🇹🇼 Italians · Taiwan
1401
+19
🇹🇼 Koreans · Taiwan
1500
-15
🇹🇼 Persians · Taiwan
1474
-14
🇨🇳 Persians · China
1445
-13
🇨🇳 Khmer · China
1441
-12
菜就怪隊友
4:50 Loom
14:23 Feudal Age
20:03 Castle Age
18:08 Double-Bit Axe
20:31 Fletching
小农民
4:02 Loom
10:52 Loom
14:44 Feudal Age
16:00 Fishing Lines
16:20 Double-Bit Axe
17:55 Stone Mining
22:41 Castle Age
20:53 Horse Collar
21:41 Scale Barding Armor
21:46 Forging
24:12 Husbandry
24:22 Bloodlines
33:38 Bow Saw
33:20 Town Watch
34:14 Wheelbarrow
40:05 Imperial Age
38:45 Ballistics
39:12 Gold Mining
42:57 Chain Barding Armor
43:13 Iron Casting
42:10 Heavy Scorpion
43:30 Conscription
TW_彰化人
13:24 Loom
15:51 Feudal Age
19:51 Castle Age
18:36 Double-Bit Axe
18:33 Horse Collar
23:23 Wheelbarrow
23:43 Bow Saw
24:30 Gold Mining
27:11 Fishing Lines
28:17 Hand Cart
32:00 Imperial Age
29:47 Scale Barding Armor
30:30 Forging
31:04 Chain Barding Armor
31:27 Gold Shaft Mining
31:38 Husbandry
31:49 Bloodlines
32:23 Iron Casting
31:42 Cavalier
33:27 Plate Barding Armor
32:18 Light Cavalry
33:59 Conscription
35:22 Heavy Plow
35:31 Pikeman
39:51 Kamandaran
39:42 Fletching
39:49 Crossbowman
40:35 Thumb Ring
41:48 Bodkin Arrow
41:53 Padded Archer Armor
43:47 Two-Man Saw
43:51 Chemistry
43:32 Ballistics
739697286
5:13 Loom
14:00 Feudal Age
14:35 Horse Collar
17:51 Castle Age
16:23 Gold Mining
16:54 Double-Bit Axe
16:52 Horse Collar
18:44 Fishing Lines
19:26 Bow Saw
19:19 Heavy Plow
19:31 Scale Barding Armor
19:36 Forging
20:10 Forging
21:13 Bloodlines
33:27 Wheelbarrow
37:00 Imperial Age
35:03 Light Cavalry
38:31 Fletching
38:41 Padded Archer Armor
38:31 Fletching
38:41 Padded Archer Armor
38:31 Fletching
42:03 Bodkin Arrow
LuLALa
4:30 Loom
15:41 Feudal Age
21:47 Castle Age
23:17 Fletching
24:30 Bodkin Arrow
25:24 Forging
26:22 Padded Archer Armor
30:38 Double-Bit Axe
34:55 Leather Archer Armor
38:32 Imperial Age
40:14 Chemistry
40:33 Ballistics
42:18 Conscription
42:49 Bracer
♞王通
5:13 Loom
12:18 Feudal Age
13:08 Town Watch
13:11 Double-Bit Axe
17:23 Fishing Lines
19:45 Wheelbarrow
22:59 Castle Age
22:18 Forging
21:50 Man-at-Arms
22:54 Scale Mail Armor
24:21 Medium Warships
24:47 Hand Cart
25:17 Hand Cart
24:43 Horse Collar
26:35 Bow Saw
26:29 Heavy Plow
29:13 Gold Mining
29:13 Stone Mining
34:33 Imperial Age
33:49 Chain Mail Armor
34:09 Iron Casting
33:50 Squires
33:36 Arson
33:33 Pikeman
34:36 Halberdier
35:47 Plate Mail Armor
35:19 Padded Archer Armor
36:51 Wootz Steel
37:56 Blast Furnace
37:30 Conscription
38:42 Scale Barding Armor
39:13 Siege Elephant
41:09 Chain Barding Armor
40:53 Husbandry
42:34 Fletching
44:22 Medical Corps
Viet Nam Strategy
13:32 Feudal Age
18:02 Castle Age
16:28 Scale Barding Armor
16:34 Forging
17:35 Bloodlines
17:39 Double-Bit Axe
18:34 Loom
18:55 Husbandry
27:14 Fletching
30:51 Ballistics
33:26 Bodkin Arrow
35:23 Padded Archer Armor
37:19 Wheelbarrow
41:54 Hand Cart
46:15 Imperial Age
44:16 Gold Mining
44:17 Stone Mining
44:37 Bow Saw
44:08 Horse Collar
我是你大飞哥
4:46 Loom
8:48 Double-Bit Axe
11:50 Fishing Lines
14:35 Feudal Age
15:47 Bow Saw
18:20 Castle Age
16:17 Gillnets
18:03 Forging
18:02 Gold Mining
19:15 Scale Barding Armor
19:06 Cavalier
21:40 Husbandry
23:08 Gold Shaft Mining
26:55 Chain Barding Armor
27:11 Iron Casting
26:40 Horse Collar
29:10 Wheelbarrow
36:46 Imperial Age
34:59 Hand Cart
37:05 Flemish Revolution
39:00 Pikeman
39:41 Squires
39:27 Arson
43:01 Scale Mail Armor
Connection lost

Rejoining the realm…

Still unreachable

The connection could not be restored.

Session expired

The server has moved on; the page needs a fresh start.